 Dungeon Crawl Stone Soup version 0.28.0-53-g5a82cb258f (webtiles) character file.

Game seed: 11994870569128691209

1785 Zeld the Thaumaturge (level 8, -3/41 HPs)
             Began as a Deep Elf Fire Elementalist on May 21, 2022.
             Was an Initiate of Vehumet.
             Shot with an arrow by a centaur (9 damage)
             ... on level 6 of the Dungeon.
             The game lasted 00:06:13 (8082 turns).

Zeld the Thaumaturge (Deep Elf Fire Elementalist)   Turns: 8082, Time: 00:06:14

Health: -3/41      AC:  4    Str:  5    XL:     8   Next: 81%
Magic:  19/23      EV: 14    Int: 23    God:    Vehumet [......]
Gold:   67         SH:  0    Dex: 15    Spells: 15/25 levels left

rFire   . . .      SeeInvis .   (no weapon)
rCold   . . .      Faith    .   (no shield)
rNeg    . . .      Spirit   .   a - +0 robe
rPois   .          Reflect  .   n - +0 helmet
rElec   .          Harm     .   (no cloak)
rCorr   .          Rampage  .   (no gloves)
Will    .....                   r - +0 pair of boots
Stlth   ++........              h - amulet of regeneration
HPRegen 0.93/turn               (no ring)
MPRegen 0.18/turn               (no ring)

@: no status effects
A: no striking features
a: Renounce Religion


You were on level 6 of the Dungeon.
You worshipped Vehumet.
Vehumet was noncommittal.
You visited 2 branches of the dungeon, and saw 8 of its levels.

You collected 237 gold pieces.
You spent 170 gold pieces at shops.

Inventory:

Armour
 a - a +0 robe (worn)
 e - the +4 ring mail "Qiriuch" {Fly rElec Stlth+}
   (You found it on level 2 of the Dungeon)

   rElec:     It insulates you from electricity.
   Fly:       It grants you flight.
   Stlth:     It makes you more stealthy.
 n - a +0 helmet (worn)
 r - a +0 pair of boots (worn)
Jewellery
 h - an amulet of regeneration (around neck)
 q - a ring of fire
Wands
 s - a wand of flame (4)
 t - a wand of iceblast (7)
Scrolls
 b - 2 scrolls of summoning
 c - 3 scrolls of enchant armour
 d - 8 scrolls of teleportation
 k - 2 scrolls of identify
 l - 2 scrolls of enchant weapon
 m - a scroll of magic mapping
Potions
 f - 2 potions of haste {unknown}
 g - a potion of brilliance {unknown}
 i - 3 potions of curing {unknown}
 j - 2 potions of heal wounds {unknown}
 o - a potion of flight {unknown}
 p - 2 potions of cancellation {unknown}
 u - a potion of resistance {unknown}


   Skills:
 + Level 6.0 Dodging
 - Level 2.4 Stealth
 * Level 9.1 Spellcasting
 + Level 5.1 Conjurations
 * Level 7.9 Fire Magic


You had 15 spell levels left.
You knew the following spells:

 Your Spells              Type           Power      Damage    Failure   Level
a - Foxfire               Conj/Fire      100%       2x1d9     1%          1
b - Scorch                Fire           94%        2d10      1%          2
c - Inner Flame           Hex/Fire       28%        N/A       3%          3
d - Flame Wave            Conj/Fire      40%        2d9       4%          4

Your spell library contained the following spells:

 Spells                   Type           Power      Damage    Failure   Level
 Conjure Flame            Conj/Fire      40%        6-21      1%          3
 Beastly Appendage        Tmut           20%        N/A       6%          1
 Sublimation of Blood     Necr           10%        N/A       10%         2
 Wereblood                Tmut           10%        N/A       10%         2
 Spider Form              Tmut/Pois      10%        N/A       19%         3
 Summon Hydra             Summ           5%         N/A       100%        7


Dungeon Overview and Level Annotations

Branches:
Dungeon (7/15)             Temple (1/1) D:6

Altars:
Ashenzari
Cheibriados
Dithmenos
Elyvilon
Fedhas
Gozag
Hepliaklqana
Kikubaaqudgha
Makhleb
Nemelex Xobeh
Okawaru
Qazlal
Ru
Sif Muna
Trog
Uskayaw
Vehumet
Wu Jian
Xom
Yredelemnul
Zin
The Shining One

Shops:
D:3 [(*   D:6 *

Annotations:
D:4 Eustachio
D:5 3 runed translucent doors, GnomeSayin's ghost, novice GnWn


Message History

There is an entrance to Eclunt's General Store here.
You see here 14 stones.
You now have enough gold to buy a potion of heal wounds on D:3.
You can access your shopping list by pressing '$'.
You now have 67 gold pieces (gained 10).
A white imp comes into view.
A white imp is nearby!
A white imp is nearby!
No reachable target in view!
The white imp shouts, "Crawl home, thou rough-hewn boil-brained pignut!"
Why would you want to do that?
An orc comes into view. It is wielding a +0 trident.
A centaur comes into view.
The white imp gestures at you. The puff of frost hits you!
Casting: Scorch (safe; 1% risk of failure)
Confirm with . or Enter, or press ? or * to list all spells.
Flames lash the orc.
You kill the orc!
Vehumet accepts your kill.
The centaur shouts!
The centaur wields a +0 shortbow.
The centaur shoots an arrow.
The arrow hits you! The white imp gestures at you.
The puff of frost misses you.
The centaur shoots an arrow.
The arrow hits you!
Casting: Scorch (safe; 1% risk of failure)
Confirm with . or Enter, or press ? or * to list all spells.
Flames lash the white imp.
The white imp is burned terribly!
You kill the white imp!
Vehumet accepts your kill.
The centaur shoots an arrow.
The arrow hits you.
Unknown command.
Casting: Scorch (safe; 1% risk of failure)
Confirm with . or Enter, or press ? or * to list all spells.
You can't see any susceptible monsters within range! (Use Z to cast anyway.) Unknown command.
The centaur shoots an arrow.
The arrow hits you!
* * * LOW HITPOINT WARNING * * *
The centaur shoots an arrow.
The arrow hits you!
You die...

##...##................
##..≈..##..##...........
#..≈≈≈.!##.#...#........
..≈≈≈≈≈..#.....#.......†
.≈≈≈≈≈≈≈..........##..#.
≈≈≈≈≈≈≈≈≈.........###...
.≈≈≈≈≈≈≈...###....# ##..
..≈≈≈≈§..#.# ###.## ###
#..≈≈≈.@##.# ###
##..≈).##..# ##c..# .##
#... # ####


You could see a centaur.

Vanquished Creatures
  2 ice beasts (D:5)
  2 black bears
  A centaur (D:6)
  A phantom (D:4)
  Blork the orc (D:4)
  3 scorpions
  A wyvern skeleton (D:5)
  A water moccasin skeleton (D:4)
  4 wights
  A bullfrog zombie (D:6)
  2 centaur zombies (D:6)
  3 hounds
  2 orc priests
  A centaur skeleton (D:6)
  3 bullfrog skeletons
  2 jellies
  4 iguanas
  A hound skeleton (D:5)
  8 gnolls
  3 adders
  2 white imps (D:6)
  2 dart slugs
  3 orcs
  11 ball pythons
  5 bats
  6 endoplasms
  2 giant cockroaches
  6 goblins
  14 hobgoblins
  6 jackals (D:1)
  13 kobolds
  6 quokkas
  5 frilled lizards
  5 rats
132 creatures vanquished.

Vanquished Creatures (others)
  26 foxfires (D:1)
26 creatures vanquished.

Grand Total: 158 creatures vanquished

Notes
Turn   | Place    | Note
-------+----------+-------------------------------------------
     0 | D:1      | Zeld the Deep Elf Fire Elementalist began the quest for the
                  | Orb.
     0 | D:1      | Reached XP level 1. HP: 10/10 MP: 6/6
   283 | D:1      | Reached XP level 2. HP: 8/15 MP: 0/8
   286 | D:1      | Learned a level 2 spell: Scorch
  1064 | D:1      | Reached XP level 3. HP: 16/19 MP: 0/10
  1068 | D:1      | Learned a level 3 spell: Inner Flame
  1273 | D:1      | Found a faded altar of an unknown god.
  1872 | D:2      | Reached skill level 4 in Spellcasting
  1929 | D:2      | Identified the +4 ring mail "Qiriuch" {Fly rElec Stlth+}
  2564 | D:2      | Reached XP level 4. HP: 24/24 MP: 7/12
  2569 | D:2      | Learned a level 4 spell: Flame Wave
  2908 | D:3      | Found Neemp's Antique Weapon Emporium.
  3027 | D:3      | Found Ciraecki's Assorted Antiques.
  3145 | D:3      | Found Koevytaemi's General Store.
  3157 | D:3      | Bought a scroll of magic mapping for 45 gold pieces
  3368 | D:3      | Found Geodatui's Antique Armour Emporium.
  4022 | D:4      | Reached XP level 5. HP: 27/28 MP: 7/14
  4115 | D:4      | Noticed Blork the orc
  4119 | D:4      | Noticed a black bear
  4120 | D:4      | Killed Blork the orc
  4121 | D:4      | Reached skill level 5 in Spellcasting
  4124 | D:4      | Reached skill level 5 in Fire Magic
  4124 | D:4      | Reached XP level 6. HP: 29/32 MP: 2/16
  4124 | D:4      | Noticed Eustachio
  4395 | D:4      | Reached skill level 6 in Spellcasting
  4978 | D:5      | Entered Level 5 of the Dungeon
  5017 | D:5      | Reached XP level 7. HP: 36/36 MP: 9/18
  5461 | D:5      | Reached skill level 7 in Spellcasting
  5941 | D:5      | Reached skill level 5 in Dodging
  6099 | D:5      | Found a runed translucent gate.
  6149 | D:5      | Reached XP level 8. HP: 37/41 MP: 16/21
  6295 | D:5      | Found a runed translucent gate.
  6295 | D:5      | Found a runed translucent gate.
  6362 | D:5      | Noticed GnomeSayin's ghost (novice GnWn)
  6479 | D:5      | Reached skill level 8 in Spellcasting
  6828 | D:6      | Found Eclunt's General Store.
  7147 | D:6      | Bought a scroll of enchant weapon for 75 gold pieces
  7147 | D:6      | Bought a scroll of identify for 20 gold pieces
  7147 | D:6      | Bought a wand of flame (4) for 30 gold pieces
  7310 | D:6      | Found a staircase to the Ecumenical Temple.
  7496 | Temple   | Entered the Ecumenical Temple
  7630 | Temple   | Became a worshipper of Vehumet
  7805 | D:6      | Reached skill level 9 in Spellcasting
  7805 | D:6      | Reached skill level 5 in Conjurations
  7859 | D:6      | Found a sacrificial altar of Ru.
  8082 | D:6      | Shot with an arrow by a centaur

Illustrated notes

Levels and vault maps discovered:
D:1:      evilmike_arrival_fibonacci_small, layout_basic,
          dreamdust_ecumenical_altar_angels_and_demons
D:2:      layout_loops_ring
D:3:      layout_basic, serial_shops, nicolae_diamond_shop, shop, shop, shop
D:4:      layout_loops_ring, saegor_snake_ambush, uniq_blork_the_orc,
          uniq_eustachio
D:5:      layout_layer_cave, ebering_ghost_rock_garden
D:6:      layout_cave_pools, mainiacjoe_overflow_alcove_2, temple_hall,
          serial_shops, shop, chequers_serial_rivers_micro_b,
          amcnicky_mini_pool_medium
D:7:      layout_loops_ring, minmay_hedge_maze
Temple:   kilobyte_greek_temple

Skill      XL: |  1  2  3  4  5  6  7  8 |
---------------+-------------------------+-----
Spellcasting   | 4 5 6 7 9 |  9.1
Dodging        | 3 4 5 6 |  6.0
Fire Magic     | 4 5 6 7 |  7.9
Conjurations   | 2 3 4 5 |  5.1
Stealth        | |  2.4

Action                   |  1- 3 |  4- 6 |  7- 9 || total
-------------------------+-------+-------+-------++-------
Melee: Unarmed           |    15 |     4 |     4 ||    23
       Punch             |     1 |       |       ||     1
 Cast: Foxfire           |    21 |       |       ||    21
       Scorch            |    52 |    62 |   100 ||   214
  Use: Scroll            |       |       |     3 ||     3
 Stab: Sleeping          |     1 |       |     1 ||     2
Armor: Robe              |     8 |     5 |    15 ||    28
Dodge: Dodged            |    41 |    14 |    62 ||   117
